Map: Rhoskallian LE

Players

qqq

  • Race: Zerg Zerg
  • League: Platinum
  • Spawn Location: 12:00

Massa

  • Race: Terran Terran
  • League: Platinum
  • Spawn Location: 11:00

baro - Winner!

  • Race: Protoss Protoss
  • Spawn Location: 5:00

chlupac - Winner!

  • Race: Terran Terran
  • Spawn Location: 6:00

VOD

Have the link to the VOD?

Description

Time

  • Played on: Jan. 24, 2021, 11:37 a.m.
  • Length: 18:58
Show
View Real Time Build Order
Export as new Build Order

qqq Zerg 

Build Orders: Hatch First 

Get SALT Encoding   

  12  0:00  Drone  
  13  0:09  Drone  
  14  0:23  Overlord  
  14  0:45  Hatchery  
  14  0:49  Drone  
  14  0:52  Drone  
  15  0:57  Drone  
  16  1:08  Drone  
  16  1:10  Extractor  
  16  1:20  Drone  
  16  1:24  Spawning Pool  
  16  1:31  Drone  
  17  1:34  Drone  
  18  1:49  Drone  
  19  1:59  Drone  
  20  2:01  Drone  
  21  2:09  Drone  
  21  2:10  Queen  
  21  2:13  Metabolic Boost  
  24  2:20  Zergling x4  
  26  2:27  Drone  
  26  2:28  Zergling x2  
  28  2:34  Overlord  
  28  2:43  Overlord  
  28  2:55  Zergling x2  
  28  2:56  Queen  
  31  3:00  Zergling x2  
  31  3:01  Drone x3  
  35  3:06  Spore Crawler  
  35  3:10  Zergling x2, Spore Crawler  
  34  3:14  Zergling x2  
  33  3:20  Zergling x2  
  33  3:28  Spine Crawler  
  33  3:29  Zergling x2  
  33  3:32  Zergling x4  
  35  3:46  Zergling x2  
  35  3:47  Zergling x4  
  35  3:48  Zergling x4  
  40  4:00  Overlord  
  40  4:16  Overlord x2  
  41  4:26  Zergling x6  
  41  4:29  Lair  
  34  4:45  Zergling x2  
  34  4:46  Zergling x4  
  34  4:47  Zergling x10  
  41  4:56  Drone  
  41  5:02  Zergling x2  
  42  5:08  Drone  
  42  5:09  Zergling x2  
  44  5:17  Spore Crawler  
  30  5:43  Zergling x8  
  30  5:44  Drone x4  
  30  5:47  Extractor, Spire  
  34  5:52  Queen  
  36  6:03  Extractor  
  35  6:12  Drone x2  
  35  6:13  Drone  
  37  6:26  Drone x4  
  37  6:29  Extractor  
  37  6:30  Drone x2  
  42  6:44  Drone, Overlord  
  43  6:47  Drone  
  43  6:49  Drone  
  43  6:51  Hatchery  
  44  7:00  Mutalisk  
  46  7:03  Drone  
  46  7:06  Mutalisk  
  46  7:08  Mutalisk  
  51  7:12  Mutalisk  
  53  7:16  Drone  
  53  7:17  Drone  
  53  7:20  Drone  
  53  7:22  Drone  
  57  7:26  Zerg Flyer Weapons Level 1  
  57  7:31  Drone  
  57  7:36  Drone  
  59  7:38  Corruptor  
  59  7:43  Drone x3  
  64  7:48  Drone  
  65  7:53  Mutalisk  
  65  7:55  Overlord  
  65  7:56  Overlord  
  67  8:02  Infestation Pit  
  67  8:03  Drone  
  66  8:08  Mutalisk  
  66  8:10  Corruptor  
  70  8:14  Drone x2  
  72  8:25  Drone  
  73  8:29  Spire  
  73  8:30  Corruptor  
  74  8:43  Corruptor  
  74  8:44  Corruptor x2  
  80  8:49  Drone x2  
  82  9:03  Hatchery  
  82  9:09  Corruptor x2  
  83  9:14  Mutalisk  
  87  9:30  Corruptor  
  89  9:32  Overlord x5  
  89  9:43  Hive  
  89  9:45  Zerg Flyer Armor Level 1  
  89  9:51  Overlord  
  89  9:52  Overlord  
  89  9:55  Drone x3  
  92  10:08  Spore Crawler x3  
  92  10:10  Corruptor  
  91  10:14  Extractor  
  83  10:31  Corruptor x2  
  83  10:33  Drone x5  
  92  10:40  Zerg Flyer Weapons Level 2  
  92  10:41  Drone  
  93  10:50  Hydralisk Den  
  93  10:51  Drone x2  
  93  10:52  Overlord x2  
  93  10:53  Overlord  
  94  10:58  Extractor  
  94  11:01  Drone  
  94  11:03  Viper  
  97  11:10  Spore Crawler  
  96  11:26  Drone x5  
  96  11:28  Corruptor x2  
  96  11:29  Lurker Den  
  96  11:31  Drone  
  105  11:39  Viper  
  105  11:41  Zergling x6  
  105  11:42  Drone x2  
  109  11:50  Drone  
  109  11:51  Drone  
  107  11:59  Extractor x2  
  105  12:09  Hatchery  
  105  12:13  Drone x4  
  105  12:14  Corruptor x2  
  105  12:15  Hydralisk x4  
  112  12:19  Muscular Augments  
  112  12:22  Drone x2  
  122  12:56  Drone x5  
  122  12:57  Drone  
  128  13:00  Greater Spire  
  128  13:05  Zerg Flyer Weapons Level 3  
  128  13:24  Drone x2  
  128  13:25  Drone x3  
  133  13:28  Corruptor x3  
  133  13:29  Corruptor x2  
  133  13:30  Grooved Spines  
  143  13:35  Zergling x2  
  143  13:36  Zergling x2  
  143  13:40  Drone  
  143  13:41  Drone  
  108  14:05  Corruptor x3  
  108  14:06  Corruptor x3  
  108  14:07  Corruptor  
  108  14:08  Drone x4  
  108  14:09  Drone  
  111  14:17  Corruptor  
  110  14:37  Lurker x2  
  107  14:42  Brood Lord x2  
  107  14:44  Zergling x10  
  107  14:45  Zergling x8  
  120  14:52  Seismic Spines  
  120  14:57  Hydralisk x2  
  120  14:58  Drone  
  120  14:59  Drone x5  
  130  15:03  Spore Crawler  
  130  15:04  Spine Crawler  
  130  15:06  Spine Crawler  
  107  15:28  Zergling x2  
  107  15:29  Zergling x14  
  107  15:30  Zergling x2  
  105  15:42  Zerg Flyer Armor Level 2  
  98  15:47  Brood Lord x3  
  91  15:50  Brood Lord  
  91  15:51  Drone  
  91  15:52  Drone x2  
  91  15:53  Zergling x12  
  99  16:00  Extractor  
  99  16:01  Extractor  
  97  16:07  Drone  
  98  16:12  Extractor  
  98  16:14  Brood Lord  
  98  16:15  Hatchery  
  96  16:22  Corruptor  
  75  16:36  Corruptor x2  
  75  16:37  Zergling x8  
  75  16:38  Zergling x6  
  75  16:39  Drone x3  
  85  16:52  Drone  
  85  16:53  Drone  
  87  16:54  Corruptor  
  87  16:55  Corruptor  
  91  17:07  Corruptor  
  93  17:14  Hatchery  
  93  17:15  Corruptor  
  92  17:17  Zergling x4  
  92  17:18  Drone x2  
  92  17:19  Drone x2  
  98  17:36  Corruptor x2  
  95  17:38  Drone  
  95  17:39  Drone x5  
  96  18:17  Drone x5  
  96  18:18  Drone x4  
  97  18:24  Corruptor x2  
  101  18:27  Hydralisk x3  
  101  18:28  Hydralisk  
  101  18:33  Drone  
  101  18:34  Drone x3  
Show
View Real Time Build Order
Export as new Build Order

Massa Terran 

Build Orders:  

Get SALT Encoding   

  12  0:00  SCV  
  13  0:12  SCV  
  14  0:21  Supply Depot  
  14  0:24  SCV  
  15  0:43  SCV  
  15  0:45  Barracks  
  15  0:49  Refinery  
  16  0:55  SCV  
  17  1:07  SCV  
  18  1:19  SCV  
  19  1:31  SCV  
  20  1:35  Barracks  
  20  1:40  Supply Depot  
  20  1:43  SCV  
  21  1:49  Reaper  
  22  1:55  SCV  
  22  1:56  Barracks  
  23  2:07  Supply Depot  
  24  2:09  Orbital Command  
  23  2:20  Marine  
  23  2:27  Marine  
  24  2:38  Marine  
  24  2:45  Marine  
  24  2:48  SCV  
  24  2:56  Marine  
  24  3:03  Marine  
  25  3:14  Marine, Supply Depot x2  
  25  3:21  Marine  
  26  3:32  Marine  
  26  3:37  Bunker  
  26  3:39  Marine  
  25  3:41  Marine  
  26  3:50  Marine  
  26  3:54  SCV  
  28  3:57  Marine  
  28  3:59  Marine  
  30  4:07  Marine  
  30  4:09  Factory  
  31  4:13  Command Center  
  31  4:14  Marine  
  31  4:17  Marine  
  33  4:25  Marine  
  34  4:34  Marine x2  
  36  4:39  SCV  
  38  4:51  Barracks Tech Lab, SCV  
  38  4:52  Marine  
  38  5:01  Engineering Bay  
  38  5:03  SCV  
  38  5:05  Factory Tech Lab  
  39  5:15  SCV  
  40  5:27  Cyclone, SCV  
  44  5:28  Orbital Command  
  44  5:31  Missile Turret  
  44  5:34  Stimpack  
  44  5:38  Mag-Field Accelerator  
  44  5:39  SCV  
  45  5:51  SCV  
  45  5:56  SCV  
  44  6:02  Missile Turret  
  44  6:03  SCV, Missile Turret  
  45  6:08  SCV, Marine  
  45  6:09  Marine x2  
  49  6:16  SCV  
  50  6:20  SCV  
  51  6:26  Marine x3  
  51  6:28  SCV  
  51  6:32  SCV  
  56  6:40  SCV  
  56  6:44  SCV  
  58  6:53  SCV  
  59  6:56  SCV  
  59  7:00  Marine x2  
  62  7:04  Supply Depot  
  62  7:06  Command Center, Supply Depot  
  62  7:09  Armory  
  62  7:11  Refinery  
  62  7:14  Starport  
  62  7:23  Combat Shield  
  62  7:25  SCV x2, Marine, Cyclone  
  62  7:29  Refinery  
  69  7:33  Marine  
  70  7:37  SCV x2  
  70  7:43  Marine  
  72  7:45  Barracks Reactor  
  69  7:51  Marine  
  69  7:57  Cyclone  
  73  8:09  SCV x2  
  75  8:21  SCV x2, Missile Turret  
  75  8:22  Starport Reactor  
  75  8:26  Starport  
  77  8:30  Terran Infantry Weapons Level 1  
  77  8:33  SCV x2, Missile Turret  
  79  8:34  Engineering Bay  
  78  8:41  Missile Turret  
  78  8:45  SCV  
  78  8:47  Refinery  
  78  8:48  Refinery  
  79  8:49  Orbital Command  
  79  8:57  Refinery  
  79  8:58  Cyclone  
  82  9:06  Barracks Reactor  
  82  9:09  Barracks  
  82  9:11  Barracks x2  
  82  9:16  SCV x2  
  85  9:17  SCV  
  85  9:21  Marine x3  
  88  9:28  SCV  
  88  9:29  Concussive Shells  
  89  9:38  Marine  
  89  9:39  Marine x2  
  89  9:40  Starport Reactor  
  89  9:41  Supply Depot  
  89  9:42  Supply Depot  
  89  9:43  Supply Depot x2  
  92  9:53  Terran Vehicle Weapons Level 1  
  92  9:56  Marine  
  93  10:02  Marine, Medivac x2  
  93  10:03  Missile Turret  
  93  10:04  Thor  
  93  10:05  SCV x3  
  107  10:07  Supply Depot x3  
  107  10:09  Supply Depot  
  107  10:17  SCV x2  
  70  10:32  Marine, Supply Depot  
  70  10:33  Marauder, Marine x3  
  76  10:39  Ghost Academy  
  76  10:47  Cyclone  
  79  10:50  Marine  
  79  10:51  Marine x2  
  79  10:54  Marauder  
  79  10:56  Supply Depot  
  84  11:01  Command Center  
  84  11:03  Factory, Medivac x2  
  88  11:05  Factory, Liberator  
  88  11:08  Factory  
  91  11:15  SCV x2  
  91  11:16  SCV, Marauder  
  96  11:19  Supply Depot  
  96  11:27  SCV  
  96  11:28  SCV x2  
  99  11:37  Marauder  
  99  11:39  SCV  
  100  11:40  SCV  
  100  11:55  Command Center  
  100  11:58  Marine x4  
  100  11:59  Marauder  
  100  12:00  Missile Turret  
  100  12:01  Factory Tech Lab x3  
  106  12:05  Smart Servos  
  106  12:10  Barracks Reactor x2  
  106  12:11  Barracks Tech Lab  
  106  12:14  SCV x3  
  109  12:16  Marine x3  
  109  12:19  Ghost  
  109  12:21  Missile Turret  
  114  12:26  SCV, Command Center  
  116  12:30  SCV x2  
  116  12:33  Missile Turret  
  117  12:38  SCV  
  117  12:42  SCV x2  
  117  12:43  Missile Turret  
  120  12:45  Thor  
  120  12:46  Thor x2  
  120  12:48  Ghost, Thor  
  120  12:50  SCV  
  147  12:53  Missile Turret  
  147  12:54  SCV x2  
  147  12:55  Terran Vehicle Weapons Level 2  
  149  13:01  Armory  
  149  13:02  SCV  
  149  13:04  Supply Depot  
  150  13:06  SCV x2  
  150  13:07  Orbital Command  
  150  13:11  Refinery  
  152  13:14  Refinery  
  152  13:16  Missile Turret  
  152  13:18  SCV x2  
  152  13:19  SCV  
  155  13:27  Supply Depot  
  155  13:28  Thor  
  155  13:30  SCV  
  155  13:32  Terran Infantry Armor Level 1  
  155  13:33  Terran Infantry Weapons Level 2  
  162  13:35  Viking  
  162  13:36  Missile Turret, Viking  
  162  13:38  Orbital Command  
  162  13:40  SCV x2  
  145  14:23  Thor x3  
  145  14:24  Thor  
  154  14:31  Marauder x2, Marine x4  
  140  14:35  Marine  
  140  14:36  Marine x3  
  123  14:45  Refinery  
  117  14:46  Refinery  
  117  14:49  Marine x4  
  117  14:52  Marauder x2  
  125  14:53  Marine  
  125  14:54  Marine x3  
  125  14:56  Medivac x2  
  133  15:06  Marine x2, Thor  
  133  15:07  Marine x2  
  140  15:11  Marine  
  140  15:13  Marauder x2  
  147  15:24  Marine x7  
  147  15:27  Thor x2  
  155  15:29  Marine  
  155  15:35  Marauder x2  
  132  15:42  Marine x4  
  121  15:55  Siege Tank  
  121  15:56  Marauder x2, Siege Tank  
  125  15:57  Marine x4  
  125  15:59  Marine  
  125  16:00  Marine x3  
  125  16:10  Siege Tank x2  
  121  16:15  Marine  
  121  16:16  Marine x3  
  121  16:17  Marauder, Marine  
  121  16:18  Marauder, Marine x3  
  112  16:39  Marauder x2  
  99  17:00  Marauder x2  
  100  17:06  Barracks  
  100  17:08  Barracks  
  92  17:09  Barracks  
  92  17:13  Factory  
  92  17:14  SCV x4  
  92  17:15  SCV  
  89  17:22  Marauder x2  
  89  17:26  SCV x3  
  89  17:27  SCV  
  81  17:33  Marine x8  
  79  17:37  Thor  
  79  17:38  Thor x3  
  79  17:40  SCV x2  
  79  17:41  SCV x2  
  79  17:43  Marauder x2  
  109  17:47  Missile Turret  
  109  17:50  Marine  
  108  17:51  Marine x7  
  109  18:04  Marauder x2  
  110  18:08  Marine, Missile Turret  
  110  18:09  Marine x3  
  108  18:26  Marauder x2  
  118  18:30  Missile Turret  
  117  18:34  Command Center  
  117  18:37  SCV x3, Command Center  
  118  18:50  Missile Turret  
  118  18:55  Barracks Tech Lab x2  
Show
View Real Time Build Order
Export as new Build Order

baro Protoss - Winner!

Build Orders:  

Get SALT Encoding   

  12  0:00  Probe  
  13  0:12  Probe  
  14  0:18  Pylon  
  14  0:27  Assimilator  
  14  0:32  Assimilator  
  14  0:35  Probe  
  15  0:49  Gateway  
  15  0:52  Probe  
  16  1:04  Probe (Chrono Boost)  
  17  1:16  Probe (Chrono Boost)  
  18  1:25  Probe  
  19  1:36  Cybernetics Core  
  19  1:37  Probe  
  20  1:49  Probe  
  20  1:50  Pylon  
  21  2:04  Probe  
  22  2:10  Warp Gate (Chrono Boost)  
  22  2:16  Probe  
  22  2:18  Stargate  
  23  2:27  Stargate  
  23  2:41  Probe  
  24  2:50  Pylon  
  23  2:53  Probe  
  24  3:02  Void Ray (Chrono Boost)  
  24  3:03  Void Ray (Chrono Boost)  
  32  3:17  Pylon  
  32  3:19  Probe  
  33  3:31  Probe  
  33  3:32  Void Ray  
  38  3:49  Void Ray  
  42  4:26  Void Ray  
  42  4:32  Probe  
  42  4:35  Nexus  
  47  5:12  Pylon  
  47  5:13  Pylon  
  47  5:24  Void Ray  
  47  5:26  Void Ray  
  47  5:30  Probe  
  47  5:31  Adept  
  58  5:42  Probe  
  59  5:55  Probe (Chrono Boost)  
  60  6:01  Twilight Council  
  60  6:04  Probe (Chrono Boost)  
  60  6:05  Gateway  
  62  6:12  Probe (Chrono Boost)  
  62  6:14  Probe (Chrono Boost)  
  63  6:19  Probe x2 (Chrono Boost)  
  63  6:22  Assimilator  
  65  6:26  Assimilator  
  65  6:28  Pylon  
  65  6:31  Probe  
  66  6:43  Probe  
  63  6:51  Stalker  
  63  6:52  Void Ray  
  65  6:55  Probe (Chrono Boost), Templar Archives  
  65  6:56  Probe (Chrono Boost)  
  71  7:07  Probe (Chrono Boost)  
  72  7:08  Pylon  
  72  7:14  Probe (Chrono Boost)  
  73  7:18  Probe (Chrono Boost)  
  73  7:21  Probe  
  75  7:29  Pylon  
  75  7:33  Probe, High Templar x2  
  75  7:35  Gateway  
  80  7:46  Probe (Chrono Boost)  
  80  7:48  Gateway  
  81  7:52  Gateway  
  81  7:53  Forge  
  81  7:54  Probe (Chrono Boost)  
  81  7:56  Pylon  
  82  8:03  Probe (Chrono Boost)  
  82  8:05  Psionic Storm  
  83  8:10  High Templar x2  
  87  8:18  Probe  
  88  8:26  Nexus  
  88  8:32  Pylon  
  88  8:34  Probe  
  89  8:35  Pylon  
  89  8:37  Blink (Chrono Boost)  
  89  8:38  Stalker  
  91  8:45  Stalker x2  
  91  8:46  Probe  
  96  8:50  Photon Cannon  
  96  8:54  Photon Cannon  
  96  8:57  Shield Battery  
  96  9:00  Probe  
  96  9:01  Protoss Ground Weapons Level 1 (Chrono Boost)  
  97  9:08  Gateway  
  97  9:12  Probe  
  97  9:14  Forge  
  98  9:20  Stalker  
  99  9:26  Stalker  
  99  9:30  Stalker  
  103  9:34  Sentry  
  103  9:37  Protoss Ground Armor Level 1 (Chrono Boost)  
  103  9:38  Assimilator  
  105  9:43  Assimilator  
  105  9:44  Pylon  
  105  9:47  High Templar  
  105  9:48  High Templar  
  105  9:49  Archon  
  105  9:50  Stalker  
  105  9:51  Probe (Chrono Boost)  
  113  10:00  Probe (Chrono Boost)  
  113  10:05  Probe (Chrono Boost)  
  114  10:15  Stalker x3  
  114  10:16  Pylon  
  114  10:17  Probe  
  93  10:30  Stalker x3  
  93  10:32  Probe  
  100  10:38  Probe (Chrono Boost)  
  101  10:44  Probe (Chrono Boost)  
  102  10:53  Void Ray x2  
  102  10:54  Probe (Chrono Boost)  
  103  10:59  Probe (Chrono Boost)  
  112  11:09  Shield Battery  
  112  11:10  Probe  
  113  11:14  High Templar x2  
  113  11:15  Zealot x4  
  124  11:18  Charge (Chrono Boost)  
  124  11:22  Probe  
  125  11:34  Probe  
  126  11:40  Fleet Beacon  
  126  11:44  Probe  
  126  11:46  Probe  
  126  11:47  Protoss Air Weapons Level 1  
  128  11:50  Stalker  
  128  11:51  Stalker x2  
  128  11:52  Stalker x2  
  138  11:58  Gateway  
  138  11:59  Probe, Gateway  
  139  12:03  Pylon  
  139  12:11  Probe  
  139  12:14  Flux Vanes  
  139  12:15  Probe  
  140  12:19  Void Ray, Nexus  
  140  12:22  Pylon  
  140  12:23  Probe  
  140  12:27  Protoss Ground Weapons Level 2 (Chrono Boost)  
  145  12:31  Pylon  
  145  12:35  Protoss Ground Armor Level 2 (Chrono Boost)  
  145  12:37  Probe  
  145  12:38  Probe  
  145  12:43  Pylon  
  147  12:48  Void Ray, Stalker x2  
  147  12:49  High Templar  
  147  12:50  Probe, High Templar, Zealot  
  147  12:51  Zealot  
  164  13:00  Pylon  
  164  13:06  Pylon  
  164  13:08  Pylon  
  164  13:12  Stalker  
  164  13:13  Stalker x2  
  164  13:17  Void Ray  
  170  13:22  Probe  
  175  13:29  Photon Cannon  
  163  14:09  Stalker x4  
  161  14:10  Stalker x3  
  161  14:11  Probe  
  166  14:19  Assimilator  
  166  14:22  Assimilator  
  162  14:26  Photon Cannon  
  162  14:27  Photon Cannon  
  162  14:30  Pylon  
  144  14:39  Void Ray  
  144  14:40  Void Ray  
  144  14:42  Archon  
  144  14:47  Robotics Facility  
  144  14:49  Stalker  
  144  14:50  Stalker x4  
  147  15:35  Stalker x4  
  137  15:36  High Templar  
  137  15:37  Zealot x3  
  139  15:44  Void Ray (Chrono Boost)  
  135  15:57  Protoss Ground Armor Level 3, Protoss Ground Weapons Level 3  
  142  15:58  Immortal (Chrono Boost)  
  142  16:01  Oracle (Chrono Boost)  
  146  16:07  Pylon  
  142  16:30  Observer  
  121  16:33  Stalker x2  
  121  16:34  Stalker x4  
  121  16:35  Stalker  
  121  16:36  Stalker  
  123  16:40  Gateway  
  123  16:42  Gateway  
  121  16:47  Gateway  
  121  16:51  Probe  
  122  16:57  Pylon  
  122  17:00  Gateway  
  122  17:06  Nexus  
  122  17:07  Stalker  
  122  17:08  Stalker  
  126  17:09  Photon Cannon, Zealot x6  
  126  17:10  Photon Cannon  
  126  17:12  Photon Cannon  
  126  17:14  Assimilator  
  138  17:18  Assimilator  
  138  17:21  Pylon  
  128  17:23  Pylon  
  128  17:27  Void Ray x2  
  128  17:29  Pylon  
  133  17:37  Stalker  
  133  17:41  Immortal  
  139  17:44  Pylon  
  139  17:48  Stalker x2  
  139  17:50  Stalker  
  145  17:52  Zealot x4  
  145  17:53  Zealot x3  
  158  18:19  Stalker x3  
  164  18:20  Stalker x3  
  156  18:54  Stalker x5  
  156  18:55  Stalker x3  
Show
View Real Time Build Order
Export as new Build Order

chlupac Terran - Winner!

Build Orders: Mech 

Get SALT Encoding   

  12  0:00  SCV  
  13  0:12  SCV  
  14  0:18  Supply Depot  
  14  0:26  Refinery  
  14  0:43  Barracks  
  14  0:56  Barracks  
  14  1:02  SCV  
  15  1:14  SCV  
  16  1:25  Refinery  
  16  1:26  SCV  
  16  1:29  Reaper  
  18  1:38  SCV  
  19  1:43  Reaper  
  20  2:00  Orbital Command  
  20  2:02  Reaper  
  21  2:08  Supply Depot  
  21  2:15  Reaper  
  22  2:34  Reaper  
  23  2:47  Reaper  
  24  3:02  SCV  
  24  3:04  Factory  
  25  3:06  Reaper, Supply Depot  
  26  3:14  SCV  
  26  3:19  Reaper  
  27  3:50  Factory Tech Lab  
  27  3:52  Starport  
  27  3:56  SCV  
  28  4:03  Command Center  
  28  4:06  Bunker  
  28  4:08  SCV  
  29  4:15  Hellion  
  31  4:20  SCV  
  32  4:27  Supply Depot  
  32  4:32  SCV  
  31  4:44  SCV  
  32  4:53  Starport Tech Lab  
  32  4:56  SCV  
  32  4:57  Fusion Core  
  32  4:58  Siege Tank  
  36  5:08  SCV  
  36  5:11  Refinery  
  36  5:13  Refinery  
  37  5:15  Orbital Command  
  37  5:21  SCV  
  38  5:33  SCV  
  35  5:45  SCV  
  35  5:49  Siege Tank  
  39  5:52  Battlecruiser  
  39  5:56  SCV  
  46  5:57  SCV  
  46  6:01  Supply Depot  
  47  6:06  Marine x2  
  47  6:08  SCV  
  47  6:09  SCV  
  51  6:20  SCV  
  51  6:21  SCV  
  53  6:31  Weapon Refit  
  53  6:32  SCV  
  54  6:33  SCV, Siege Tank  
  58  6:44  SCV  
  58  6:45  SCV  
  60  6:56  SCV  
  60  6:57  SCV  
  60  6:58  Armory  
  60  6:59  Armory  
  60  7:00  Supply Depot  
  62  7:02  Supply Depot  
  62  7:06  Battlecruiser  
  68  7:08  SCV  
  68  7:09  SCV  
  70  7:29  Command Center  
  70  7:40  SCV x2  
  72  7:45  Terran Vehicle And Ship Armor Level 1  
  72  7:46  Terran Vehicle Weapons Level 1  
  72  7:49  Siege Tank  
  75  7:52  SCV x2  
  75  7:56  Factory  
  75  7:57  Factory  
  77  8:01  Supply Depot  
  77  8:03  Supply Depot  
  77  8:10  Battlecruiser, Supply Depot  
  83  8:25  SCV x2  
  83  8:26  Refinery  
  85  8:29  Refinery  
  85  8:37  SCV x2  
  87  8:47  Factory Tech Lab x2, Engineering Bay  
  87  9:05  Orbital Command  
  87  9:06  SCV x2  
  89  9:14  Battlecruiser  
  95  9:18  SCV  
  96  9:24  Missile Turret  
  96  9:25  Missile Turret  
  96  9:27  Missile Turret  
  96  9:28  Missile Turret  
  96  9:30  Missile Turret x2  
  96  9:31  Missile Turret  
  96  9:32  Hi-Sec Auto Tracking  
  96  9:35  Missile Turret x2  
  96  9:39  Thor  
  96  9:41  SCV x3  
  105  9:51  Missile Turret x2  
  105  9:53  SCV x3  
  105  9:56  Missile Turret  
  105  9:58  Supply Depot x2  
  108  10:08  Thor  
  108  10:11  Thor  
  108  10:13  Infernal Pre-Igniter  
  120  10:21  Supply Depot  
  119  10:45  Siege Tank  
  119  10:46  SCV x2  
  124  10:51  Siege Tank  
  124  10:54  Siege Tank  
  130  10:57  Terran Vehicle And Ship Armor Level 2, Terran Vehicle Weapons Level 2  
  130  10:58  Factory  
  130  11:01  Factory  
  130  11:02  Factory  
  130  11:10  Supply Depot x2  
  130  11:31  SCV x3  
  133  11:33  Supply Depot x2  
  133  11:55  Factory Tech Lab x3  
  133  11:57  Supply Depot  
  133  11:59  Factory  
  133  12:03  Thor x2  
  133  12:04  Thor  
  151  12:21  Command Center  
  151  12:30  Thor, Siege Tank x2  
  163  12:40  Refinery  
  163  12:45  Battlecruiser  
  163  12:46  Thor  
  163  12:48  Refinery  
  175  12:54  Siege Tank  
  175  12:56  Hellbat  
  180  13:02  Hellbat x2, Supply Depot x2  
  180  13:03  Supply Depot  
  184  13:10  Factory Reactor  
  184  13:13  Hellbat  
  184  13:14  Terran Vehicle Weapons Level 3  
  184  13:17  Hellbat  
  184  13:18  Terran Vehicle And Ship Armor Level 3  
  188  13:24  Hellbat x2  
  188  13:27  Hellbat  
  194  13:51  Siege Tank x2  
  167  14:42  Battlecruiser  
  167  14:43  Thor x4  
  167  14:44  SCV x3  
  200  15:09  Command Center  
  193  15:21  Siege Tank x2  
  168  16:06  Thor x3  
  168  16:07  Thor x3  
  192  16:26  Battlecruiser  
  192  16:36  Planetary Fortress  
  192  16:38  Missile Turret  
  192  16:39  Orbital Command  
  182  16:40  Refinery  
  182  16:43  Hellbat x2  
  182  16:44  Refinery  
  177  16:49  Thor  
  177  16:50  Hellbat  
  185  16:58  Missile Turret  
  185  17:15  Thor x2  
  197  17:18  Missile Turret  
  196  18:56  Starport x2  
  196  18:57  Starport  
  196  18:58  Starport  
Tags
 
Add a new tag
Caveats
  • Supply blocks, unpowered buildings, or Contaminate may cause inaccurate times.
  • Supply counts are checked every 10 seconds.